[Event "70th RUS-ch Women Higher League 2020"]
[Site "Sochi"]
[Date "2020.10.09"]
[Round "2.1"]
[White "Yakimova, Mariya"]
[Black "Gunina, Valentina"]
[Result "0-1"]
[ECO "D10"]
[WhiteElo "2269"]
[BlackElo "2431"]
[Annotator "ChessBase"]
[PlyCount "166"]
[EventDate "2020.10.08"]
[EventType "swiss"]
[EventCountry "RUS"]
[SourceTitle "playchess.com"]
[Source "ChessBase"]
[SourceQuality "1"]
[TimeControl "40/5400+30:1800+30"]

1. d4 d5 2. c4 c6 3. cxd5 cxd5 4. Nc3 e6 5. Bf4 Bd6 6. Bg3 Ne7 7. Nf3 O-O 8. e3 Nbc6 9. Rc1 a6 10. Bd3 f5 11. Bxd6 Qxd6 12. O-O Bd7 13. Ne2 Rf6 14. Nf4 Raf8 15. g3 Be8 16. Be2 Rh6 17. Kg2 Ng6 18. a3 Nxf4+ 19. exf4 Bh5 20. Re1 Bxf3+ 21. Bxf3 Qd8 22. Qd2 Qb6 23. Rc5 Nb8 24. Rec1 Rhf6 25. Bd1 Nd7 26. Rc7 R6f7 27. Ba4 Ne5 28. Rxf7 Nxf7 29. Qb4 Qxb4 30. axb4 b5 31. Bb3 Rd8 32. Kf3 Rd6 33. Rc8+ Nd8 34. Ke3 Kf7 35. Ra8 Ke7 36. Ra7+ Kf6 37. Ra8 Nf7 38. Rc8 Rb6 39. Kd3 Nd6 40. Rc7 Ne8 41. Rc8 Ke7 42. Bd1 Kd7 43. Rc5 Nd6 44. Bf3 Nb7 45. Rc3 Nd8 46. Rc5 Nc6 47. Kc3 Kd6 48. Bh5 g6 49. Be2 Rb7 50. h4 Ra7 51. Bf1 h6 52. Be2 Rg7 53. Bd1 g5 54. hxg5 hxg5 55. fxg5 Rxg5 56. Bf3 Rg7 57. Bh5 Rh7 58. Be8 Ne7 59. Kd3 Rh8 60. Bf7 Rh1 61. Be8 Rh8 62. Bf7 Kd7 63. Ke3 Rh7 64. Bxe6+ Kxe6 65. Rc7 f4+ 66. Kf3 fxg3 67. fxg3 Rf7+ 68. Kg4 Rf2 69. Ra7 Nf5 70. Rxa6+ Nd6 71. Ra8 Rxb2 72. Rh8 Rxb4 73. Rh6+ Ke7 74. Kf4 Nf7 75. Ra6 Rxd4+ 76. Kf5 Ra4 77. Re6+ Kd7 78. Rf6 Nd8 79. Ke5 Rg4 80. Kxd5 Rg5+ 81. Ke4 Rxg3 82. Rb6 Rg5 83. Kd4 Nc6+ 0-1

[Event "70th RUS-ch Women Higher League 2020"]
[Site "Sochi"]
[Date "2020.10.09"]
[Round "2.2"]
[White "Gritsayeva, Oksana"]
[Black "Potapova, Margarita"]
[Result "1/2-1/2"]
[ECO "D20"]
[WhiteElo "2373"]
[BlackElo "2270"]
[Annotator "ChessBase"]
[PlyCount "28"]
[EventDate "2020.10.08"]
[EventType "swiss"]
[EventCountry "RUS"]
[SourceTitle "playchess.com"]
[Source "ChessBase"]
[SourceQuality "1"]
[TimeControl "40/5400+30:1800+30"]

1. d4 d5 2. c4 dxc4 3. e4 Nf6 4. e5 Nd5 5. Bxc4 Nb6 6. Bb3 Nc6 7. Nf3 Bg4 8. Ng5 Bxd1 9. Bxf7+ Kd7 10. Be6+ Ke8 11. Bf7+ Kd7 12. Be6+ Ke8 13. Bf7+ Kd7 14. Be6+ Ke8 1/2-1/2

[Event "70th RUS-ch Women Higher League 2020"]
[Site "Sochi"]
[Date "2020.10.09"]
[Round "2.3"]
[White "Grigorieva, Yulia"]
[Black "Voit, Daria"]
[Result "1-0"]
[ECO "B12"]
[WhiteElo "2237"]
[BlackElo "2343"]
[Annotator "ChessBase"]
[PlyCount "125"]
[EventDate "2020.10.08"]
[EventType "swiss"]
[EventCountry "RUS"]
[SourceTitle "playchess.com"]
[Source "ChessBase"]
[SourceQuality "1"]
[TimeControl "40/5400+30:1800+30"]

1. e4 c6 2. d4 d5 3. e5 Bf5 4. Nf3 e6 5. Be2 c5 6. O-O Nc6 7. c3 cxd4 8. Nxd4 Nxd4 9. cxd4 Ne7 10. b4 Qb6 11. a3 Bxb1 12. Rxb1 Nc6 13. Bb2 Be7 14. Qd2 O-O 15. b5 Nb8 16. Bc3 Qd8 17. a4 Nd7 18. a5 Rc8 19. Rfc1 f6 20. Bg4 f5 21. Be2 Bg5 22. f4 Be7 23. g4 Ba3 24. Rf1 Qh4 25. g5 h6 26. Qd3 hxg5 27. Be1 Qh6 28. Qxa3 gxf4 29. Qe7 Rc2 30. Rf2 Rf7 31. Qe8+ Nf8 32. Bh5 Rfc7 33. Bf7+ Kh7 34. Qxf8 Qg5+ 35. Kh1 Rc8 36. Qa3 R8c3 37. Qxc3 Rxc3 38. Bxc3 Qe7 39. Bh5 g5 40. Bd1 Qc7 41. Rc2 Qc4 42. Be2 Qa4 43. Bd3 g4 44. b6 a6 45. Rcb2 Qa3 46. Rc1 f3 47. Bxa6 Qf8 48. Bd2 Qa3 49. Rbb1 f2 50. Be2 Qa2 51. Rd1 Qc2 52. Kg2 Qe4+ 53. Kxf2 Qxd4+ 54. Be3 Qxe5 55. a6 Qxh2+ 56. Ke1 f4 57. Bxf4 Qxf4 58. a7 g3 59. a8=Q g2 60. Bd3+ Kg7 61. Ke2 Qg4+ 62. Kd2 Qf4+ 63. Kc3 1-0

[Event "70th RUS-ch Women Higher League 2020"]
[Site "Sochi"]
[Date "2020.10.09"]
[Round "2.4"]
[White "Nasyrova, Ekaterina"]
[Black "Kovanova, Baira"]
[Result "1-0"]
[ECO "A05"]
[WhiteElo "2171"]
[BlackElo "2324"]
[Annotator "ChessBase"]
[PlyCount "63"]
[EventDate "2020.10.08"]
[EventType "swiss"]
[EventCountry "RUS"]
[SourceTitle "playchess.com"]
[Source "ChessBase"]
[SourceQuality "1"]
[TimeControl "40/5400+30:1800+30"]

1. Nf3 Nf6 2. c4 e6 3. Nc3 d5 4. e3 Be7 5. b3 b6 6. Bb2 O-O 7. cxd5 Nxd5 8. h4 Bb7 9. Qb1 h6 10. Rh3 f5 11. Bc4 Bf6 12. Ne2 Nd7 13. Nfd4 Nc5 14. a3 a5 15. Qc2 Qe7 16. O-O-O c6 17. Rg1 b5 18. Bd3 Rfd8 19. Bxf5 exf5 20. Nxf5 Bxb2+ 21. Kxb2 Qf6+ 22. d4 Ne6 23. Rf3 Rf8 24. Neg3 Qd8 25. Qe4 Qd7 26. Nh5 c5 27. Qg4 Nf6 28. Nxh6+ Kh7 29. Nxf6+ gxf6 30. Rg3 Bd5 31. e4 Qg7 32. Qf5+ 1-0

[Event "70th RUS-ch Women Higher League 2020"]
[Site "Sochi"]
[Date "2020.10.09"]
[Round "2.5"]
[White "Komissarova, Soigina"]
[Black "Belenkaya, Dina"]
[Result "0-1"]
[ECO "B10"]
[WhiteElo "1780"]
[BlackElo "2297"]
[Annotator "ChessBase"]
[PlyCount "82"]
[EventDate "2020.10.08"]
[EventType "swiss"]
[EventCountry "RUS"]
[SourceTitle "playchess.com"]
[Source "ChessBase"]
[SourceQuality "1"]
[TimeControl "40/5400+30:1800+30"]

1. e4 c6 2. Nc3 d5 3. Nf3 g6 4. d4 Bg7 5. e5 Bg4 6. Be2 Nd7 7. h3 Bxf3 8. Bxf3 f6 9. exf6 Ngxf6 10. Bf4 O-O 11. Qd2 e5 12. Bxe5 Re8 13. O-O Nxe5 14. dxe5 Rxe5 15. Rfe1 Nd7 16. Ne2 Qe7 17. Nd4 Re8 18. Rxe5 Qxe5 19. c3 Nb6 20. Qc2 Nc4 21. Rd1 a5 22. Qb3 Re7 23. Qc2 Kh8 24. h4 Rf7 25. b3 Nd6 26. Qc1 Re7 27. Bg4 Ne4 28. Re1 Qf6 29. Qe3 Qxh4 30. Qf4 h5 31. Re3 Qxg4 32. Qb8+ Kh7 33. f3 Qg5 34. f4 Qg4 35. Nf3 Qd7 36. Ne5 Qc7 37. Qxc7 Rxc7 38. c4 Bxe5 39. fxe5 Re7 40. Rf3 Kg7 41. cxd5 cxd5 0-1

[Event "70th RUS-ch Women Higher League 2020"]
[Site "Sochi"]
[Date "2020.10.09"]
[Round "2.6"]
[White "Shafigullina, Zarina"]
[Black "Schepetkova, Margarita"]
[Result "1-0"]
[ECO "E15"]
[WhiteElo "2296"]
[BlackElo "2257"]
[Annotator "ChessBase"]
[PlyCount "61"]
[EventDate "2020.10.08"]
[EventType "swiss"]
[EventCountry "RUS"]
[SourceTitle "playchess.com"]
[Source "ChessBase"]
[SourceQuality "1"]
[TimeControl "40/5400+30:1800+30"]

1. d4 Nf6 2. c4 e6 3. Nf3 b6 4. g3 Ba6 5. b3 b5 6. Bg2 bxc4 7. Ne5 d5 8. bxc4 c6 9. O-O Be7 10. Nd2 O-O 11. Rb1 Qa5 12. Rxb8 Raxb8 13. Nxc6 Qxa2 14. Nxe7+ Kh8 15. cxd5 exd5 16. Re1 Bb5 17. e4 Ba4 18. Qf3 dxe4 19. Nxe4 Nxe4 20. Qxe4 Bc2 21. Qe5 f6 22. Qc5 Bd3 23. Bf4 Rbe8 24. h4 a5 25. Bc6 a4 26. Bxe8 Rxe8 27. d5 h6 28. d6 Qf7 29. d7 Rd8 30. Qc7 Qf8 31. Nc6 1-0

[Event "70th RUS-ch Women Higher League 2020"]
[Site "Sochi"]
[Date "2020.10.09"]
[Round "2.7"]
[White "Salakhova, Adelya"]
[Black "Guseva, Marina"]
[Result "0-1"]
[ECO "D12"]
[WhiteElo "1885"]
[BlackElo "2377"]
[Annotator "ChessBase"]
[PlyCount "80"]
[EventDate "2020.10.08"]
[EventType "swiss"]
[EventCountry "RUS"]
[SourceTitle "playchess.com"]
[Source "ChessBase"]
[SourceQuality "1"]
[TimeControl "40/5400+30:1800+30"]

1. d4 d5 2. c4 c6 3. Nf3 Nf6 4. e3 Bf5 5. Nc3 e6 6. Nh4 Be4 7. f3 Bg6 8. Qb3 Qc7 9. Bd2 Be7 10. O-O-O dxc4 11. Bxc4 a6 12. Nxg6 hxg6 13. e4 b5 14. Bd3 c5 15. dxc5 Nbd7 16. Kb1 Nxc5 17. Qc2 Nxd3 18. Qxd3 Rxh2 19. Qe2 Nd7 20. Rxh2 Qxh2 21. f4 b4 22. Na4 Qh5 23. Qxh5 gxh5 24. Rh1 g6 25. f5 Nf6 26. fxe6 fxe6 27. Bf4 Rd8 28. e5 Ng4 29. b3 Rd4 30. Bc1 Re4 31. Nb6 Rxe5 32. Rd1 Re2 33. g3 Nf2 34. Rf1 Ne4 35. Bh6 Nxg3 36. Rg1 h4 37. Nc4 g5 38. Bg7 Ne4 39. Ne5 Bc5 40. Rh1 Nc3+ 0-1

[Event "70th RUS-ch Women Higher League 2020"]
[Site "Sochi"]
[Date "2020.10.09"]
[Round "2.8"]
[White "Vasilevich, Tatjana"]
[Black "Gorovenko, Darya"]
[Result "1-0"]
[ECO "B54"]
[WhiteElo "2360"]
[BlackElo "2120"]
[Annotator "ChessBase"]
[PlyCount "89"]
[EventDate "2020.10.08"]
[EventType "swiss"]
[EventCountry "RUS"]
[SourceTitle "playchess.com"]
[Source "ChessBase"]
[SourceQuality "1"]
[TimeControl "40/5400+30:1800+30"]

1. e4 c5 2. Nf3 d6 3. d4 cxd4 4. Nxd4 Nf6 5. f3 Nc6 6. c4 g6 7. Nc3 Bg7 8. Be3 O-O 9. Qd2 Nxd4 10. Bxd4 Nd7 11. Be3 Ne5 12. Be2 Be6 13. b3 a6 14. O-O Nc6 15. Rac1 Qa5 16. Rfd1 Rac8 17. Nd5 Qxd2 18. Rxd2 Bxd5 19. exd5 Ne5 20. b4 b6 21. c5 bxc5 22. bxc5 dxc5 23. Bxa6 Ra8 24. Be2 c4 25. Bxc4 Rfc8 26. Rdc2 Nxc4 27. Rxc4 Rxc4 28. Rxc4 Be5 29. a4 f5 30. Bb6 Kf7 31. a5 Bb8 32. Kf2 e6 33. dxe6+ Kxe6 34. f4 Bd6 35. Ke3 Kd5 36. Kd3 h5 37. h4 Be7 38. g3 Bf6 39. Rc5+ Kd6 40. Kc4 Kd7 41. Kb5 Rc8 42. Rxc8 Kxc8 43. Kc6 Bc3 44. a6 Kb8 45. Bf2 1-0

[Event "70th RUS-ch Women Higher League 2020"]
[Site "Sochi"]
[Date "2020.10.09"]
[Round "2.9"]
[White "Dordzhieva, Dinara"]
[Black "Bykova, Anastasia"]
[Result "1/2-1/2"]
[ECO "D11"]
[WhiteElo "2354"]
[BlackElo "2215"]
[Annotator "ChessBase"]
[PlyCount "114"]
[EventDate "2020.10.08"]
[EventType "swiss"]
[EventCountry "RUS"]
[SourceTitle "playchess.com"]
[Source "ChessBase"]
[SourceQuality "1"]
[TimeControl "40/5400+30:1800+30"]

1. d4 d5 2. c4 c6 3. Nf3 Nf6 4. g3 Bg4 5. Ne5 Bf5 6. Qb3 Qb6 7. cxd5 Qxb3 8. axb3 Nxd5 9. Bg2 Nb4 10. O-O e6 11. e4 Bg6 12. Na3 N8a6 13. Be3 Rd8 14. Rfc1 f6 15. Nxg6 hxg6 16. Nc4 Rd7 17. Bf1 Kf7 18. Na5 Nb8 19. Bf4 Be7 20. h4 b6 21. Nc4 b5 22. Nd2 Rxd4 23. Rxa7 e5 24. Be3 Rd7 25. Rxd7 Nxd7 26. Bh3 Nb8 27. Nf3 Rd8 28. Ne1 Nd7 29. f4 exf4 30. gxf4 Nf8 31. Kf1 Ne6 32. Nf3 Nxf4 33. Bxf4 Nd3 34. Rxc6 Nxf4 35. Bg4 Rd1+ 36. Kf2 Rb1 37. Nd4 Rxb2+ 38. Kf3 Nd3 39. Be6+ Ke8 40. Ke3 Ne5 41. Rc8+ Bd8 42. Rb8 b4 43. Bd5 Kd7 44. Ne6 Be7 45. Rb7+ Kd6 46. Rxb4 f5 47. Rb6+ Kd7 48. Rb7+ Kd6 49. Nxg7 Bxh4 50. Kd4 Nc6+ 51. Kd3 fxe4+ 52. Bxe4 Na5 53. Ne8+ Ke6 54. Nc7+ Kd7 55. Ra7 Nc6 56. Rb7 Na5 57. Ra7 Nc6 1/2-1/2

[Event "70th RUS-ch Women Higher League 2020"]
[Site "Sochi"]
[Date "2020.10.09"]
[Round "2.10"]
[White "Garifullina, Leya"]
[Black "Mironenko, Galina"]
[Result "1/2-1/2"]
[ECO "C18"]
[WhiteElo "2335"]
[BlackElo "2061"]
[Annotator "ChessBase"]
[PlyCount "86"]
[EventDate "2020.10.08"]
[EventType "swiss"]
[EventCountry "RUS"]
[SourceTitle "playchess.com"]
[Source "ChessBase"]
[SourceQuality "1"]
[TimeControl "40/5400+30:1800+30"]

1. e4 e6 2. d4 d5 3. Nc3 Bb4 4. e5 c5 5. a3 Bxc3+ 6. bxc3 Qa5 7. Bd2 Qa4 8. Qg4 Kf8 9. Qd1 Ne7 10. Nf3 b6 11. dxc5 bxc5 12. c4 Ba6 13. cxd5 Bxf1 14. Kxf1 Nxd5 15. c3 Qxd1+ 16. Rxd1 Ke7 17. Ke2 Nd7 18. Rb1 Rab8 19. Kd3 N5b6 20. Bg5+ f6 21. Bf4 Rbd8 22. Ke2 Nd5 23. Bd2 N7b6 24. Rhc1 Nc4 25. g3 Ndb6 26. Rb5 Rd5 27. Be3 Rc8 28. exf6+ gxf6 29. Ne1 Nxe3 30. Kxe3 Nc4+ 31. Kf3 Rcd8 32. Kg2 a6 33. Rb7+ R8d7 34. Rcb1 Rxb7 35. Rxb7+ Rd7 36. Rb8 Nxa3 37. Rh8 Kd6 38. Ra8 Nb1 39. Rxa6+ Ke7 40. Rc6 Nxc3 41. Rxc5 Nd5 42. Rc2 Rc7 43. Rxc7+ Nxc7 1/2-1/2

[Event "70th RUS-ch Women Higher League 2020"]
[Site "Sochi"]
[Date "2020.10.09"]
[Round "2.11"]
[White "Solozhenkina, Elizaveta"]
[Black "Makarova, Olga"]
[Result "1-0"]
[ECO "C15"]
[WhiteElo "2301"]
[BlackElo "1875"]
[Annotator "ChessBase"]
[PlyCount "83"]
[EventDate "2020.10.08"]
[EventType "swiss"]
[EventCountry "RUS"]
[SourceTitle "playchess.com"]
[Source "ChessBase"]
[SourceQuality "1"]
[TimeControl "40/5400+30:1800+30"]

1. e4 e6 2. d4 d5 3. Nc3 Bb4 4. exd5 exd5 5. Bb5+ c6 6. Bd3 Ne7 7. h3 Bf5 8. Nf3 h6 9. O-O O-O 10. Bf4 Bxd3 11. Qxd3 Na6 12. Ne2 Nc7 13. Ne5 Bd6 14. Rae1 Ne6 15. Bc1 c5 16. c3 Nc6 17. Nxc6 bxc6 18. dxc5 Bxc5 19. Ng3 Re8 20. Qf3 Be7 21. Qg4 Kh8 22. Qh5 Kg8 23. Bxh6 g6 24. Qg4 Bf8 25. Bc1 Ng7 26. h4 Qc8 27. Qf3 Bd6 28. h5 Rxe1 29. Rxe1 Bxg3 30. hxg6 Bxf2+ 31. Qxf2 fxg6 32. Qf6 Qf5 33. Qxc6 Rf8 34. Qc5 Ne6 35. Qe3 Rf6 36. Qe2 Nc5 37. Be3 Ne4 38. Bxa7 Ng3 39. Qe8+ Kh7 40. Re7+ Kh6 41. Qh8+ Kg5 42. Be3+ 1-0

[Event "70th RUS-ch Women Higher League 2020"]
[Site "Sochi"]
[Date "2020.10.09"]
[Round "2.12"]
[White "Lysenko, Margarita"]
[Black "Goltseva, Ekaterina"]
[Result "1/2-1/2"]
[ECO "E29"]
[WhiteElo "2239"]
[BlackElo "2294"]
[Annotator "ChessBase"]
[PlyCount "143"]
[EventDate "2020.10.08"]
[EventType "swiss"]
[EventCountry "RUS"]
[SourceTitle "playchess.com"]
[Source "ChessBase"]
[SourceQuality "1"]
[TimeControl "40/5400+30:1800+30"]

1. d4 Nf6 2. c4 e6 3. Nc3 Bb4 4. a3 Bxc3+ 5. bxc3 c5 6. e3 Nc6 7. Bd3 O-O 8. Ne2 b6 9. e4 Ne8 10. Be3 Ba6 11. Ng3 Na5 12. Qe2 Rc8 13. d5 f6 14. O-O Nd6 15. e5 fxe5 16. Qh5 e4 17. Nxe4 Nf5 18. dxe6 dxe6 19. Rad1 Qe8 20. Qe2 Qc6 21. Ng5 h6 22. Nh3 Nd6 23. Qg4 Nf5 24. Nf4 Bxc4 25. Ng6 Bxd3 26. Rxd3 Rfd8 27. Rfd1 Rxd3 28. Rxd3 Qe8 29. h4 Rd8 30. Rxd8 Qxd8 31. Qe4 Qd5 32. Qa4 Qc6 33. Qf4 Qd6 34. Qa4 Nc6 35. h5 Kh7 36. Qc2 Kg8 37. Bf4 Qd5 38. Qe2 Nce7 39. Ne5 Nc6 40. Ng6 Nfe7 41. Nxe7+ Nxe7 42. g4 Nc6 43. Kh2 c4 44. Bg3 Kf7 45. Qe3 e5 46. g5 Qd3 47. Qc1 Qe2 48. Kg1 Qxh5 49. Qd2 Ke6 50. gxh6 Qxh6 51. Qc2 Kd6 52. a4 Kc7 53. Kg2 Qe6 54. Qe4 Kd6 55. Kg1 g5 56. Qh7 Ne7 57. Qh8 Nc6 58. Qg7 Kd5 59. Qxg5 Kd6 60. Qg7 Qd5 61. Qf8+ Kc7 62. Qg7+ Kc8 63. Kh2 Qe4 64. Qf7 Kb8 65. Qd7 a6 66. Qd6+ Kc8 67. Qe6+ Kc7 68. Qf7+ Kd6 69. Qf6+ Kd7 70. Qg7+ Kd6 71. Qf6+ Kd7 72. Qg7+ 1/2-1/2

[Event "70th RUS-ch Women Higher League 2020"]
[Site "Sochi"]
[Date "2020.10.09"]
[Round "2.13"]
[White "Semenova, Elena"]
[Black "Garmash, Aliona"]
[Result "1-0"]
[ECO "B09"]
[WhiteElo "2284"]
[BlackElo "2093"]
[Annotator "ChessBase"]
[PlyCount "85"]
[EventDate "2020.10.08"]
[EventType "swiss"]
[EventCountry "RUS"]
[SourceTitle "playchess.com"]
[Source "ChessBase"]
[SourceQuality "1"]
[TimeControl "40/5400+30:1800+30"]

1. e4 g6 2. d4 Bg7 3. Nc3 d6 4. f4 Nf6 5. Nf3 O-O 6. e5 Nfd7 7. Bc4 Nb6 8. Bb3 Nc6 9. a4 a5 10. O-O Nb4 11. h3 c6 12. Qe2 N4d5 13. Ne4 Kh8 14. Bd2 f6 15. Rad1 Be6 16. Ng3 Qd7 17. c4 Nc7 18. Be3 Ra6 19. Ba2 Bg8 20. b3 Be6 21. Bb1 Nc8 22. exf6 exf6 23. f5 gxf5 24. Nh4 Ne7 25. Ngxf5 Nxf5 26. Nxf5 Raa8 27. Qd3 Bg8 28. Bf4 d5 29. c5 Ne6 30. Bd6 Rf7 31. h4 Bf8 32. Rf3 b6 33. Bxf8 Raxf8 34. cxb6 Qd8 35. Re1 Rb7 36. Rg3 Nf4 37. Qf3 Ng6 38. h5 Ne7 39. Rg7 Nxf5 40. Rxb7 Nd6 41. Rc7 f5 42. Qg3 Qf6 43. Qe5 1-0

[Event "70th RUS-ch Women Higher League 2020"]
[Site "Sochi"]
[Date "2020.10.09"]
[Round "2.14"]
[White "Bodnaruk, Anastasia"]
[Black "Paramzina, Anastasya"]
[Result "1/2-1/2"]
[ECO "B90"]
[WhiteElo "2428"]
[BlackElo "2237"]
[Annotator "ChessBase"]
[PlyCount "143"]
[EventDate "2020.10.08"]
[EventType "swiss"]
[EventCountry "RUS"]
[SourceTitle "playchess.com"]
[Source "ChessBase"]
[SourceQuality "1"]
[TimeControl "40/5400+30:1800+30"]

1. e4 c5 2. Nf3 d6 3. d4 cxd4 4. Nxd4 Nf6 5. Nc3 a6 6. h3 e5 7. Nde2 h5 8. g3 Be7 9. Bg2 Be6 10. a4 O-O 11. O-O Nbd7 12. Be3 Rc8 13. b3 Nc5 14. Bg5 Nh7 15. Bxe7 Qxe7 16. f4 f5 17. exf5 Bxf5 18. Nd5 Qe8 19. Ne3 Be4 20. Bxe4 Nxe4 21. Qd5+ Rf7 22. fxe5 Nef6 23. Qxd6 Rd7 24. Qb6 Qxe5 25. Nf4 Ng5 26. Rae1 Nxh3+ 27. Nxh3 Qxg3+ 28. Ng2 Qxh3 29. Re3 Qg4 30. c4 Kh7 31. Qe6 Qxe6 32. Rxe6 Rc5 33. Rfe1 Rg5 34. R6e5 Rg6 35. Kf1 Rd4 36. Rf5 h4 37. Re3 Rd1+ 38. Ke2 Rh1 39. Nf4 Rgg1 40. Kd2 Rh2+ 41. Ne2 Rg4 42. Kd3 Rh1 43. Rff3 Rd1+ 44. Kc2 Rd8 45. Nf4 Re8 46. Rd3 Re1 47. a5 Rgg1 48. Kb2 Rd1 49. Rxd1 Rxd1 50. Nh3 Rd4 51. Nf2 Rd2+ 52. Ka3 Kg6 53. b4 Rd4 54. Kb3 Ne4 55. Nxe4 Rxe4 56. b5 axb5 57. cxb5 Re7 58. b6 Kh5 59. Rc3 Re5 60. Ka4 Re4+ 61. Kb5 Re5+ 62. Ka4 Re4+ 63. Kb5 Re5+ 64. Rc5 Rxc5+ 65. Kxc5 h3 66. a6 h2 67. axb7 h1=Q 68. b8=Q Qc1+ 69. Kb5 Qb1+ 70. Kc6 Qe4+ 71. Kd7 Qf5+ 72. Kc6 1/2-1/2

[Event "70th RUS-ch Women Higher League 2020"]
[Site "Sochi"]
[Date "2020.10.09"]
[Round "2.15"]
[White "Getman, Tatyana"]
[Black "Bivol, Alina"]
[Result "1/2-1/2"]
[ECO "D71"]
[WhiteElo "2271"]
[BlackElo "2393"]
[Annotator "ChessBase"]
[PlyCount "121"]
[EventDate "2020.10.08"]
[EventType "swiss"]
[EventCountry "RUS"]
[SourceTitle "playchess.com"]
[Source "ChessBase"]
[SourceQuality "1"]
[TimeControl "40/5400+30:1800+30"]

1. d4 Nf6 2. c4 g6 3. g3 Bg7 4. Bg2 d5 5. cxd5 Nxd5 6. Nf3 Nb6 7. O-O Nc6 8. e3 O-O 9. Nc3 Re8 10. Nd2 e5 11. d5 Nb4 12. Qb3 a5 13. a3 Na6 14. Nc4 Nc5 15. Qa2 e4 16. Nxb6 cxb6 17. a4 Bf5 18. Bd2 Qd7 19. Nb5 Bh3 20. Bc3 Bxc3 21. Nxc3 Rad8 22. Rad1 Bg4 23. Rd4 Qf5 24. Qb1 Bf3 25. Bxf3 Qxf3 26. Qd1 Qf5 27. f3 exf3 28. Qxf3 Qxf3 29. Rxf3 f5 30. g4 fxg4 31. Rxg4 Nd3 32. Rd4 Ne1 33. Rg3 Rf8 34. Rd1 Nf3+ 35. Kg2 Nh4+ 36. Kh3 Nf5 37. Rf3 Rfe8 38. e4 Nd6 39. Rd4 Re5 40. Kg2 Rde8 41. Rfd3 Kf7 42. Kf3 Ke7 43. Ke2 Kd7 44. Rh3 R8e7 45. Kd3 Rg5 46. Nb1 Nf7 47. Kc4 Nd6+ 48. Kd3 Rg2 49. Nd2 b5 50. axb5 Nxb5 51. Ra4 Nd6 52. Rxa5 Rxd2+ 53. Kxd2 Nc4+ 54. Kc3 Nxa5 55. b4 Nc6 56. dxc6+ bxc6 57. Kd4 Kd6 58. Rf3 Rb7 59. Rf6+ Ke7 60. Rxc6 Rxb4+ 61. Ke5 1/2-1/2

[Event "70th RUS-ch Women Higher League 2020"]
[Site "Sochi"]
[Date "2020.10.09"]
[Round "2.16"]
[White "Kovalevskaya, Ekaterina"]
[Black "Berezina, Mariya"]
[Result "1-0"]
[ECO "A06"]
[WhiteElo "2384"]
[BlackElo "1982"]
[Annotator "ChessBase"]
[PlyCount "111"]
[EventDate "2020.10.08"]
[EventType "swiss"]
[EventCountry "RUS"]
[SourceTitle "playchess.com"]
[Source "ChessBase"]
[SourceQuality "1"]
[TimeControl "40/5400+30:1800+30"]

1. Nf3 d5 2. g3 Nf6 3. Bg2 g6 4. O-O Bg7 5. d4 O-O 6. Be3 e6 7. Qc1 b6 8. c4 Ba6 9. Ne5 Nfd7 10. cxd5 Nxe5 11. dxe5 exd5 12. Bh6 Bxe2 13. Re1 Bg4 14. Nc3 c6 15. Bxg7 Kxg7 16. b4 Na6 17. Qf4 Be6 18. Rad1 b5 19. a3 Qe7 20. Ne2 Nb8 21. a4 bxa4 22. Ra1 Nd7 23. Rxa4 Nb6 24. Ra5 Nc4 25. Rc5 Rab8 26. Nd4 Bd7 27. Nxc6 Bxc6 28. Rxc6 Rfd8 29. Bxd5 Rxd5 30. Rxc4 Rdb5 31. Ree4 R8b6 32. Qd2 Rb7 33. Qc3 R5b6 34. h4 h5 35. Rc6 Rxc6 36. Qxc6 Rc7 37. Qd6 Qxd6 38. exd6 Rd7 39. Re7 Rxd6 40. Rxa7 Rd1+ 41. Kg2 Rb1 42. Rb7 Rb2 43. b5 Kf6 44. b6 Ke6 45. Kf3 f6 46. Ke3 Kf5 47. Rb8 Kg4 48. b7 Kh3 49. Rg8 Rxb7 50. Rxg6 Rb6 51. Kf3 Rb3+ 52. Ke4 Rb4+ 53. Kf5 Rb2 54. Kxf6 Rxf2+ 55. Kg7 Rf5 56. Kh6 1-0

[Event "70th RUS-ch Women Higher League 2020"]
[Site "Sochi"]
[Date "2020.10.09"]
[Round "2.17"]
[White "Miroshnik, Ekaterina"]
[Black "Ovod, Evgenija"]
[Result "1-0"]
[ECO "A80"]
[WhiteElo "2104"]
[BlackElo "2372"]
[Annotator "ChessBase"]
[PlyCount "140"]
[EventDate "2020.10.08"]
[EventType "swiss"]
[EventCountry "RUS"]
[SourceTitle "playchess.com"]
[Source "ChessBase"]
[SourceQuality "1"]
[TimeControl "40/5400+30:1800+30"]

1. d4 f5 2. Nf3 Nf6 3. g3 d6 4. Bg2 g6 5. O-O Bg7 6. b3 O-O 7. Bb2 Na6 8. c4 c5 9. e3 Rb8 10. Nc3 b6 11. Nb5 Qd7 12. d5 h6 13. h4 Rb7 14. a4 Nc7 15. Nc3 a6 16. Ne2 b5 17. axb5 axb5 18. Rb1 bxc4 19. bxc4 Rb4 20. Bxf6 Rxb1 21. Qxb1 Bxf6 22. Nf4 Qe8 23. Qb6 Na6 24. Ne6 Bxe6 25. Qxa6 Bc8 26. Qa8 Qd7 27. Rb1 Qc7 28. Qa2 Bd7 29. Ne1 Rb8 30. Rxb8+ Qxb8 31. Nd3 Kf7 32. Bf1 Qb7 33. Bg2 Bc8 34. Nf4 Qa6 35. Qxa6 Bxa6 36. Bf1 Bc3 37. Bd3 Kf6 38. f3 Be1 39. Kg2 Bc8 40. Ne2 g5 41. hxg5+ hxg5 42. Kf1 Bd2 43. Kf2 e6 44. e4 Ke5 45. Kg2 fxe4 46. Bxe4 Kf6 47. dxe6 Bxe6 48. Bd3 d5 49. cxd5 Bxd5 50. Kf2 Bb3 51. Bh7 Ke7 52. g4 Kd6 53. Ng3 Bf4 54. Ne4+ Kc6 55. Ke2 Kb5 56. Nf6 Kb4 57. Be4 Bc1 58. Nd5+ Kc4 59. Bh7 Kd4 60. Ne7 Kc3 61. Be4 c4 62. Nd5+ Kb2 63. Nb4 Bf4 64. Bf5 Kc1 65. Nd5 Bd1+ 66. Kf2 Bd6 67. f4 gxf4 68. g5 Bc5+ 69. Kf1 f3 70. Nc3 Bc2 1-0

[Event "70th RUS-ch Women Higher League 2020"]
[Site "Sochi"]
[Date "2020.10.09"]
[Round "2.18"]
[White "Kochukova, Anna"]
[Black "Charochkina, Daria"]
[Result "1-0"]
[ECO "B06"]
[WhiteElo "2093"]
[BlackElo "2356"]
[Annotator "ChessBase"]
[PlyCount "75"]
[EventDate "2020.10.08"]
[EventType "swiss"]
[EventCountry "RUS"]
[SourceTitle "playchess.com"]
[Source "ChessBase"]
[SourceQuality "1"]
[TimeControl "40/5400+30:1800+30"]

1. e4 g6 2. d4 Bg7 3. Nf3 d6 4. c3 Nf6 5. Bd3 O-O 6. O-O c5 7. h3 a6 8. a4 Qc7 9. Re1 Rd8 10. Qe2 b6 11. Be3 Bb7 12. Nbd2 Nbd7 13. Bg5 Nf8 14. Qe3 Re8 15. Bh6 e5 16. d5 Nh5 17. Bxg7 Kxg7 18. b4 Nf4 19. Bf1 cxb4 20. cxb4 f5 21. Rac1 Qd8 22. g3 fxe4 23. gxf4 exf3 24. Qxf3 Nd7 25. Nc4 Nf6 26. fxe5 dxe5 27. Nxe5 Qd6 28. Ng4 Nxd5 29. Red1 Rad8 30. Bg2 Rf8 31. Qd3 Qxb4 32. Bxd5 Rxd5 33. Rc7+ Kh8 34. Qe2 Rxd1+ 35. Qxd1 Qb2 36. Rxb7 h5 37. Qd7 Qc1+ 38. Kg2 1-0

[Event "70th RUS-ch Women Higher League 2020"]
[Site "Sochi"]
[Date "2020.10.10"]
[Round "3.12"]
[White "Mukhina, Jana"]
[Black "Yakimova, Mariya"]
[Result "0-1"]
[ECO "B22"]
[WhiteElo "2025"]
[BlackElo "2269"]
[Annotator "NA RC"]
[PlyCount "52"]
[EventDate "2020.10.08"]
[EventType "swiss"]
[EventCountry "RUS"]
[SourceTitle "playchess.com"]
[Source "ChessBase"]
[SourceQuality "1"]
[TimeControl "40/5400+30:1800+30"]

1. e4 c5 2. c3 d5 3. exd5 Qxd5 4. d4 Nc6 5. Nf3 Bf5 6. Be3 e6 7. Na3 cxd4 8. Nb5 O-O-O 9. Nbxd4 Bc5 10. Be2 Nxd4 11. Nxd4 Be4 12. b4 Bb6 13. c4 Qe5 14. c5 Bc7 15. Qa4 Rxd4 16. Bxd4 Qxd4 17. Qe8+ Qd8 18. Qxf7 Qe7 19. Qxe7 Nxe7 20. O-O Nd5 21. a3 Be5 22. Rac1 Nf4 23. Bc4 Bb2 24. Rce1 Bxg2 25. Bxe6+ Kb8 26. Re4 Bxe4 0-1